 Dungeon Crawl Stone Soup version 0.22-b1-26-g9dbaab1 (webtiles) character file.

12756 nicolaieve the Protected (level 11, -12/102 (104) HPs)
             Began as a Minotaur Berserker on Aug 7, 2018.
             Was a High Priest of Trog.
             Mangled by Snorg (18 damage)
             ... on level 11 of the Dungeon.
             The game lasted 00:41:43 (8036 turns).

nicolaieve the Protected (Minotaur Berserker)       Turns: 8036, Time: 00:41:44

HP:   -12/102 (104) AC: 19    Str: 22    XL:     11   Next: 66%
MP:   10/10         EV: 11    Int:  4    God:    Trog [*****.]
Gold: 1132          SH:  5    Dex: 13    Spells: 10/10 levels left

rFire    . . .     SeeInvis .   s - +3 whip (venom)
rCold    . . .     Gourm    .   h - +0 buckler
rNeg     . . .     Faith    .   o - +2 plate armour {MR+}
rPois    +         Spirit   .   (helmet restricted)
rElec    .         Reflect  .   t - +0 cloak (curse)
rCorr    .         Harm     .   (no gloves)
MR       +++..                  (no boots)
Stlth    ..........             A - amulet of the acrobat
HPRegen  1.27/turn              n - ring of poison resistance
MPRegen  0.12/turn              y - +1 ring of evasion

@: berserk cooldown, regenerating, hasted and slowed
A: retaliatory headbutt, horns 2
a: Berserk, Trog's Hand, Brothers in Arms, Renounce Religion


You were on level 11 of the Dungeon.
You worshipped Trog.
Trog was extremely pleased with you.
You were very hungry.

You visited 1 branch of the dungeon, and saw 11 of its levels.
You also visited: Bailey.

You collected 1132 gold pieces.

Inventory:

Hand Weapons
 s - a +3 whip of venom (weapon)
Armour
 h - a +0 buckler (worn)
 o - a +2 plate armour of magic resistance (worn)
 t - a cursed +0 cloak (worn)
Jewellery
 m - a cursed ring of teleportation {unknown}
 n - a ring of poison resistance (left hand)
 y - a +1 ring of evasion (right hand)
 A - an amulet of the acrobat (around neck)
 C - an uncursed ring of magical power {unknown}
 H - an uncursed ring of resist corrosion
 M - a cursed -5 ring of protection {unknown}
Wands
 p - a wand of disintegration (11)
 E - a wand of flame (18)
 G - a wand of digging (8)
 N - a wand of paralysis (10)
Scrolls
 a - 3 scrolls of magic mapping
 d - 3 scrolls of enchant armour
 f - 2 scrolls of amnesia {unknown}
 j - a scroll of remove curse {unknown}
 k - a scroll of fear {unknown}
 q - 3 scrolls of blinking {unknown}
 v - 3 scrolls of noise {unknown}
 x - a scroll of random uselessness {unknown}
 z - a scroll of immolation {unknown}
 B - 3 scrolls of teleportation {unknown}
 I - a scroll of brand weapon {unknown}
 J - a scroll of holy word {unknown}
Potions
 b - 2 potions of flight
 e - 2 potions of agility
 g - a potion of heal wounds
 r - 2 potions of lignification {unknown}
 u - 10 potions of curing
 w - a potion of resistance
 D - a potion of ambrosia {unknown}
 F - a potion of might {unknown}
 K - a potion of mutation {unknown}
 L - a potion of cancellation {unknown}
Comestibles
 c - 6 rations
 i - 31 chunks of flesh


   Skills:
 + Level 11.9 Fighting
 - Level 12.0 Maces & Flails
 + Level 12.7 Armour
 + Level 7.1 Dodging
 - Level 4.0 Shields


You had 10 spell levels left.
You didn't know any spells.
Your spell library was empty.

Dungeon Overview and Level Annotations

Branches:
Dungeon (11/15)            Temple (0/1) D:5            Lair (0/6) D:10
    Orc (0/2) D:11

Altars:
Ashenzari
Fedhas
Gozag
Hepliaklqana
Qazlal
Uskayaw

Shops:
D:4 [   D:10 %

Annotations:
D:11 Snorg


Innate Abilities, Weirdness & Mutations

You reflexively headbutt those who attack you in melee.
You have a pair of horns on your head.


Message History

Snorg completely misses you. Snorg closely misses you. Snorg misses you.
Snorg misses you. Snorg claws you!
* * * LOW HITPOINT WARNING * * *
Snorg misses you.
Snorg rages.
Snorg bites you but does no damage. Snorg misses you. x2
Snorg looks more healthy.
Snorg completely misses you. x3
You block Snorg's attack. Snorg completely misses you. Snorg barely misses you.
You are feeling very hungry.
Snorg rages.
Snorg misses you. You furiously retaliate!
You headbutt Snorg! Snorg misses you. x2
Snorg barely misses you. Snorg claws you!
* * * LOW HITPOINT WARNING * * *
Snorg claws you but does no damage.
You feel yourself speed up. Snorg completely misses you.
You block Snorg's attack. Snorg claws you!
* * * LOW HITPOINT WARNING * * *
Snorg bites you!!
You die...

...............#######.
######+#'#.....# ..
#.#.....# ... #
##....#######...
#..................
##............ ....
#............ ...
##.#....#### ..#
#...@..# ..# ##...T.#
..# #
#.....######..####. #
##.......)......... #
#......)$..)...... ##
#......).......... .#
##................ .##
#.....####....... ..#
##....# .......


You could see Snorg (berserk).

Vanquished Creatures
  3 two-headed ogres
  Pikel (D:6)
  An orc knight (Bailey)
  An ugly thing (D:11)
  Joseph (D:7)
  A gargoyle (D:10)
  4 trolls (D:11)
  Grinder (D:6)
  4 hippogriffs
  Sigmund (D:4)
  A shadow (D:11)
  Eustachio (D:4)
  2 basilisks
  2 hungry ghosts
  A steam dragon (D:10)
  Menkaure (D:6)
  Edmund (D:6)
  2 hell hounds (D:10)
  A water moccasin (D:7)
  4 slaves (D:6)
  An ice beast (D:9)
  11 orc warriors
  3 phantoms
  2 sky beasts
  3 ogres
  8 centaurs
  A boggart (D:10)
  A necrophage (D:5)
  A crocodile (D:10)
  5 bullfrogs
  A wyvern skeleton (D:11)
  6 scorpions
  2 water moccasin skeletons (D:10)
  10 killer bees
  3 howler monkeys (D:11)
  6 crimson imps
  A bullfrog zombie (D:11)
  A centaur zombie (D:6)
  3 hounds
  6 orc priests
  8 jellies
  A bullfrog skeleton (D:9)
  Jessica (D:3)
  3 iguanas
  10 orc wizards
  5 worker ants
  A hound zombie (D:7)
  A worker ant zombie (D:10)
  Robin (D:3)
  9 adders
  A shadow imp (D:11)
  An ooze (D:2)
  2 adder skeletons
  An adder zombie (D:8)
  4 worms
  6 leopard geckos
  34 orcs
  6 bats
  4 giant cockroaches
  13 goblins
  12 hobgoblins
  2 jackals (D:10)
  20 kobolds
  2 quokkas
  3 ball pythons
  3 frilled lizards
  A jackal skeleton (D:7)
  A leopard gecko skeleton (D:5)
  2 quokka skeletons
  A quokka zombie (D:9)
  6 rats
274 creatures vanquished.

Vanquished Creatures (others)
  An orc priest (D:9)
1 creature vanquished.

Grand Total: 275 creatures vanquished

Notes
Turn   | Place    | Note
-------+----------+-------------------------------------------
     0 | D:1      | nicolaieve the Minotaur Berserker began the quest for the Orb.
     0 | D:1      | Reached XP level 1. HP: 19/19 MP: 0/0
   338 | D:1      | Reached XP level 2. HP: 26/26 MP: 1/1
   599 | D:2      | Reached skill level 1 in Shields
   799 | D:2      | Reached XP level 3. HP: 27/31 MP: 2/2
   815 | D:2      | Found a faded altar of an unknown god.
   867 | D:2      | Reached skill level 5 in Maces & Flails
  1166 | D:3      | Reached XP level 4. HP: 39/39 MP: 3/3
  1276 | D:3      | Reached ** piety under Trog
  1359 | D:3      | Noticed Robin
  1373 | D:3      | Killed Robin
  1463 | D:3      | Noticed a centaur
  1472 | D:3      | Killed a centaur
  1472 | D:3      | Reached XP level 5. HP: 30/45 MP: 4/4
  1830 | D:3      | Found a shattered altar of Ashenzari.
  1954 | D:3      | Noticed Jessica
  1959 | D:3      | Killed Jessica
  2103 | D:4      | Noticed Sigmund
  2107 | D:4      | Killed Sigmund
  2107 | D:4      | Reached XP level 6. HP: 51/51 MP: 5/5
  2201 | D:4      | Noticed Eustachio
  2214 | D:4      | Killed Eustachio
  2214 | D:4      | Reached XP level 7. HP: 48/57 MP: 6/6
  2343 | D:4      | Found Ucrosex's Armour Shop.
  2906 | D:5      | Entered Level 5 of the Dungeon
  2946 | D:5      | Found an opulent altar of Gozag.
  3025 | D:5      | Reached skill level 10 in Maces & Flails
  3052 | D:5      | Found a staircase to the Ecumenical Temple.
  3417 | D:5      | Reached XP level 8. HP: 57/62 MP: 7/7
  3524 | D:6      | Noticed Edmund
  3530 | D:6      | Killed Edmund
  3645 | D:6      | Noticed Grinder
  3659 | D:6      | Killed Grinder
  3699 | D:6      | Reached *** piety under Trog
  3731 | D:6      | Noticed Pikel
  3756 | D:6      | Killed Pikel
  3756 | D:6      | Reached skill level 5 in Fighting
  3756 | D:6      | Reached skill level 5 in Armour
  3756 | D:6      | Reached XP level 9. HP: 72/72 MP: 8/8
  3818 | D:6      | Found a faded altar of an unknown god.
  3818 | D:6      | Found a stormy altar of Qazlal.
  3823 | D:6      | Found a faded altar of an unknown god.
  3825 | D:6      | Found a hide-covered altar of Uskayaw.
  3826 | D:6      | Found a blossoming altar of Fedhas.
  3940 | D:6      | Noticed Menkaure
  3950 | D:6      | Killed Menkaure
  4381 | D:7      | Noticed Joseph
  4394 | D:7      | Killed Joseph
  5173 | D:8      | Found a flagged portal.
  5182 | Bailey   | Entered a bailey
  5261 | Bailey   | Noticed an orc knight
  5350 | Bailey   | Reached **** piety under Trog
  5362 | Bailey   | Reached XP level 10. HP: 86/86 MP: 9/9
  5374 | Bailey   | Killed an orc knight
  5397 | Bailey   | Reached skill level 5 in Dodging
  5919 | D:9      | Found Senetough's Weapon Shoppe.
  6004 | D:9      | Found a hazy altar of Hepliaklqana.
  6155 | D:9      | Reached skill level 10 in Armour
  6215 | D:9      | Reached ***** piety under Trog
  6314 | D:9      | Found a stormy altar of Qazlal.
  6353 | D:9      | Received a gift from Trog
  6527 | D:9      | Noticed a two-headed ogre
  6534 | D:9      | Killed a two-headed ogre
  6728 | D:10     | Entered Level 10 of the Dungeon
  6760 | D:10     | Noticed a gargoyle
  6781 | D:10     | Killed a gargoyle
  6781 | D:10     | Reached skill level 10 in Fighting
  6816 | D:10     | Found a staircase to the Lair.
  6971 | D:10     | Noticed a two-headed ogre
  6981 | D:10     | Killed a two-headed ogre
  6981 | D:10     | Reached XP level 11. HP: 99/99 MP: 10/10
  7059 | D:10     | Paralysed by a crimson imp for 6 turns
  7526 | D:10     | Found Iso Qala's Food Boutique.
  7642 | D:11     | Found a staircase to the Orcish Mines.
  7922 | D:11     | Noticed a cyan ugly thing
  7942 | D:11     | Killed a cyan ugly thing
  8004 | D:11     | Noticed Snorg
  8004 | D:11     | Noticed a two-headed ogre
  8015 | D:11     | Killed a two-headed ogre
  8036 | D:11     | Mangled by Snorg

Skill      XL: |  1  2  3  4  5  6  7  8  9 10 11 |
---------------+----------------------------------+-----
Maces & Flails | 4 5 6 8 10 12 | 12.0
Shields        | 1 2 3 4 |  4.0
Fighting       | 5 7 10 11 | 11.9
Armour         | 5 8 11 12 | 12.7
Dodging        | 3 4 6 7 |  7.1

Action                   |  1- 3 |  4- 6 |  7- 9 | 10-12 || total
-------------------------+-------+-------+-------+-------++-------
Melee: Mace              |    69 |    33 |       |       ||   102
       Headbutt          |    10 |    16 |    63 |   138 ||   227
       Whip              |       |    50 |   289 |   513 ||   852
Invok: Berserk           |     1 |     2 |     6 |     4 ||    13
       Trog's Hand       |       |     1 |       |     2 ||     3
  Use: Scroll            |       |       |     7 |     5 ||    12
       Potion            |       |       |     1 |     1 ||     2
  Eat: Chunk             |     2 |     4 |    17 |    14 ||    37
       Ration            |       |       |       |     1 ||     1
Armor: Animal skin       |     2 |       |       |       ||     2
       Ring mail         |    22 |    25 |     5 |       ||    52
       Scale mail        |       |       |    32 |     5 ||    37
       Plate armour      |       |       |       |   159 ||   159
Dodge: Dodged            |    36 |    37 |   166 |   202 ||   441
Block: Buckler           |     7 |    11 |    44 |    94 ||   156
